 Dungeon Crawl Stone Soup version 0.32-a0-314-g526f7d4993 (webtiles) character file.

Game seed: 769841655360836603

233 IdlyInterested the Trooper (level 5, -4/41 HPs)
             Began as a Demonspawn Fighter on Feb 15, 2024.
             Splashed by a jelly's acid (5 damage)
             ... on level 3 of the Dungeon.
             The game lasted 00:08:22 (2267 turns).

IdlyInterested the Trooper (Demonspawn Fighter)     Turns: 2267, Time: 00:08:23

Health: -4/41      AC: -3    Str: 18    XL:     5   Next: 75%
Magic:  5/5        EV: 11    Int:  8    God:
Gold:   174        SH:  0    Dex: 13    Spells: 4/4 levels left

rFire   + + .        i - +2 dagger (venom)
rCold   . . .        (no shield)
rNeg    . . .        k - +1 ring mail {rF+}
rPois   .            (no helmet)
rElec   .            (no cloak)
rCorr   .            (no gloves)
SInv    .            (no boots)
Will    .....        (no amulet)
Stlth   +            o - ring of protection from fire
HPRegen 0.26/turn    (no ring)
MPRegen 0.09/turn

%: no passive effects
@: mighty, corroded
A: molten scales 1, demonic touch 2
a: no special abilities


You were on level 3 of the Dungeon.
You visited 1 branch of the dungeon, and saw 3 of its levels.

You collected 174 gold pieces.

Inventory:

Hand Weapons
 a - a +0 rapier
 b - a +0 flail
 f - a +0 short sword
 i - a +2 dagger of venom (weapon)
 n - a +1 morningstar of protection
 p - a +0 spear
 v - a +0 falchion
Missiles
 h - 47 stones (quivered)
 j - 3 boomerangs
 r - 7 poisoned darts
Armour
 c - a +0 buckler
 k - a +1 ring mail of fire resistance (worn)
Jewellery
 e - a ring of fire
 o - a ring of protection from fire (left hand)
Scrolls
 g - a scroll of silence {unknown}
 l - a scroll of poison
 s - a scroll of revelation {unknown}
 t - a scroll of enchant armour {unknown}
Potions
 m - a potion of cancellation {unknown}
 q - a potion of brilliance {unknown}
 u - a potion of attraction {unknown}


   Skills:
 - Level 3.0 Fighting
 - Level 2.0 Short Blades
 - Level 1.0 Throwing
 - Level 3.0 Armour
 + Level 2.3 Dodging
 - Level 1.0 Stealth
 - Level 3.0 Shields
 - Level 3.0 Unarmed Combat
 - Level 1.0 Evocations
 - Level 1.0 Shapeshifting


You had 4 spell levels left.
You didn't know any spells.
Your spell library contained the following spells:

 Spells                   Type           Power      Damage    Failure   Level
 Kiss of Death            Conj/Necr      0%         2d5       58%         1
 Lesser Beckoning         Tloc           0%         N/A       75%         2
 Confusing Touch          Hex            0%         N/A       92%         3
 Gell's Gravitas          Tloc           0%         N/A       92%         3
 Teleport Other           Tloc           0%         N/A       92%         3
 Dispel Undead            Necr           0%         3d6       100%        4
 Summon Forest            Summ/Tloc      0%         N/A       100%        5
 Eringya's Noxious Bog    Alch           0%         4d6       100%        6
 Summon Hydra             Summ           0%         N/A       100%        7


Dungeon Overview and Level Annotations

Branches:
Dungeon (3/15)

Altars:
Fedhas
Nemelex Xobeh
Sif Muna
Trog
Yredelemnul


Innate Abilities, Weirdness & Mutations

You are partially covered in molten scales. (AC +2)
Your touch may inflict irresistible damage on your foes.


Message History

Throw: 50 stones
Press: ? - help, Q - select action, (/) - cycle Shift-Dir - straight line, f - jelly
Aim: a jelly (88% to hit)
You throw a stone. The stone hits the jelly.
The jelly is lightly wounded.
Throw: 49 stones
Press: ? - help, Q - select action, (/) - cycle Shift-Dir - straight line, f/p - jelly
Aim: a jelly (lightly wounded, 88% to hit)
You throw a stone.
The stone hits the jelly but does no damage.
The jelly is lightly wounded.
Throw: 48 stones
Press: ? - help, Q - select action, (/) - cycle Shift-Dir - straight line, f/p - jelly
Aim: a jelly (lightly wounded, 88% to hit)
You throw a stone.
The stone hits the jelly but does no damage.
The jelly is lightly wounded.
You start resting.
A jelly is nearby!
You hit the jelly.
The jelly is poisoned.
Your hands burn!
You touch the jelly!
The jelly is almost dead.
The jelly hits you but does no damage.
You hit the jelly. The acid corrodes you!
Your hands burn!
You touch the jelly.
You kill the jelly!
Your Dodging skill increases to level 2!
You hit the jelly but do no damage.
Your hands burn!
The jelly is lightly wounded.
The jelly hits you. The acid corrodes you!
You are splashed with acid!
* * * LOW HITPOINT WARNING * * *
You hit the jelly but do no damage.
Your hands burn!
* * * LOW HITPOINT WARNING * * *
The jelly is lightly wounded.
The jelly hits you.
* * * LOW HITPOINT WARNING * * *
The acid corrodes you!
You are splashed with acid.
* * * LOW HITPOINT WARNING * * *
You feel very mighty all of a sudden. The jelly barely misses you.
You hit the jelly.
Your hands burn!
You die...

.##.#
#.....###)))..##
.##.#
#.....##.......#
.##.#
#.....##.......#
.##.#
#.....##.......#
.##.#
#.....##.......#
.##.#
####.###....####
.##.# #.#
#....'..## .##.#
#.# ########.#
###.# ###.#
##@..)..## .##.#
#...# #J#######
.##.#
#.####..÷JJ_...
.'..# ##.#
#÷..J._...
.#######..#
#÷P.P.÷...
.#####...##
#.P.......
.##....###
#..._..÷..
###.####
#.P.P._.÷÷ #.#
##########


You could see a jelly.

Vanquished Creatures
  A jelly (D:3)
  4 gnolls (D:2)
  2 adders
  A ribbon worm (D:2)
  2 dart slugs
  3 orcs (D:3)
  11 endoplasms
  3 giant cockroaches
  7 goblins
  9 hobgoblins
  13 kobolds
  2 quokkas
  3 ball pythons
  4 bats
  3 frilled lizards
  9 rats
77 creatures vanquished.

Notes
Turn   | Place    | Note
-------+----------+-------------------------------------------
     0 | D:1      | IdlyInterested the Demonspawn Fighter began the quest for
                  | the Orb.
     0 | D:1      | Reached XP level 1. HP: 18/18 MP: 1/1
   188 | D:1      | Gained mutation: Your touch may inflict minor irresistible
                  | damage on your foes. [demonic ancestry]
   188 | D:1      | Reached XP level 2. HP: 24/24 MP: 2/2
   196 | D:1      | Reached skill level 1 in Throwing
   315 | D:1      | Reached skill level 1 in Dodging
   502 | D:1      | Gained mutation: You are partially covered in molten
                  | scales. (AC +2) [demonic ancestry]
   502 | D:1      | Reached XP level 3. HP: 29/29 MP: 3/3
   502 | D:1      | Found a faded altar of an unknown god.
   559 | D:1      | Reached skill level 1 in Stealth
   806 | D:1      | Reached skill level 1 in Unarmed Combat
   930 | D:2      | Reached XP level 4. HP: 35/35 MP: 4/4
  1402 | D:2      | Gained mutation: Your touch may inflict irresistible damage
                  | on your foes. [demonic ancestry]
  1402 | D:2      | Reached XP level 5. HP: 41/41 MP: 5/5
  1597 | D:3      | Reached skill level 1 in Evocations
  2022 | D:3      | Reached skill level 1 in Shapeshifting
  2242 | D:3      | Found a shimmering blue altar of Sif Muna.
  2242 | D:3      | Found a bloodstained altar of Trog.
  2242 | D:3      | Found a blossoming altar of Fedhas.
  2242 | D:3      | Found a basalt altar of Yredelemnul.
  2242 | D:3      | Found a sparkling altar of Nemelex Xobeh.
  2265 | D:3      | HP: 1/41 [acid (5)]
  2267 | D:3      | Splashed by a jelly's acid

Illustrated notes

Levels and vault maps discovered:
D:1:      reono_arrival_forest_river, layout_basic,
          ebering_ecumenical_altar_abandoned
D:2:      layout_basic, minmay_misc_feat_pillars
D:3:      cheibrodos_fertilizer, layout_basic, wad_floor_pattern_untrapped

Skill      XL: |  1  2  3  4  5 |
---------------+----------------+-----
Short Blades   | 2 |  2.0
Armour         | 3 |  3.0
Throwing       | 1 |  1.0
Dodging        | 1 2 |  2.3
Shields        | 3 |  3.0
Stealth        | 1 |  1.0
Unarmed Combat | 1 3 |  3.0
Evocations     | 1 |  1.0
Shapeshifting  | 1 |  1.0
Fighting       | |  3.0

Action                     |  1- 3 |  4- 6 || total
---------------------------+-------+-------++-------
  Melee: Rapier            |    15 |       ||    15
         Dagger            |    62 |   106 ||   168
         Touch             |     7 |    19 ||    26
  Throw: Stone             |       |     9 ||     9
    Use: Potion            |       |     2 ||     2
         Scroll            |       |     2 ||     2
 Armour: Scale mail        |    21 |       ||    21
         Ring mail         |    19 |    49 ||    68
  Dodge: Dodged            |    36 |    56 ||    92
  Block: Buckler           |     3 |       ||     3

Table legend: (Time is in decaauts)
 A = Elapsed time spent in this place.
 B = Non-inter-level travel time spent in this place.
 C = Inter-level travel time spent in this place.
 D = Time resting spent in this place.
 E = Time spent auto-exploring this place.
 F = Levels seen in this place.
 G = Mean time per level.
                   A        B        C        D        E       F      G
               +--------+--------+--------+--------+--------+-----+--------+
         Total |   2260 |   2175 |     85 |     32 |   1562 |   3 |  753.3 |
       Dungeon |   2260 |   2175 |     85 |     32 |   1562 |   3 |  753.3 |
               +--------+--------+--------+--------+--------+-----+--------+

Top non-repeatable levels by time:
     D:1: 918 daAuts
     D:3: 695 daAuts
     D:2: 646 daAuts
